 Dungeon Crawl Stone Soup version 0.24-a0-290-gbb66a67 (webtiles) character file.

Game seed: 7804726031796941382

41 Mgcat the Skirmisher (level 3, -2/29 HPs)
             Began as a Mummy Monk on May 8, 2019.
             Slain by a gnoll
             ... wielding a +0 club
              (12 damage)
             ... on level 1 of the Dungeon.
             The game lasted 00:04:07 (3059 turns).

Mgcat the Skirmisher (Mummy Monk)                   Turns: 3059, Time: 00:04:07

Health: -2/29      AC:  0    Str: 15    XL:     3   Next: 32%
Magic:  3/3        EV: 13    Int:  9    God:
Gold:   126        SH:  0    Dex: 14    Spells: 2/2 levels left

rFire    x . .     SeeInvis .     - Unarmed
rCold    + . .     Gourm    .   (no shield)
rNeg     + + +     Faith    .   (no armour)
rPois    ∞         Spirit   .   (no helmet)
rElec    .         Reflect  .   (no cloak)
rCorr    .         Harm     .   (no gloves)
MR       .....                  (no boots)
Stlth    ++........             (no amulet)
HPRegen  0.09/turn              (no ring)
MPRegen  0.08/turn              (no ring)

@: no status effects
A: no food or potions, fire vulnerability, cold resistance 1, negative energy
resistance 3, torment resistance, unbreathing
a: no special abilities


You were on level 1 of the Dungeon.
You were not hungry.

You visited 1 branch of the dungeon, and saw 2 of its levels.

You collected 126 gold pieces.

Inventory:

Scrolls
 b - a scroll of teleportation
 c - 2 scrolls of magic mapping {!r}
 d - a scroll of remove curse {unknown}
 f - a scroll of blinking {!r}


   Skills:
 + Level 3.5 Fighting
 - Level 2.4 Dodging
 + Level 2.3 Stealth
 + Level 2.9 Unarmed Combat


You had 2 spell levels left.
You didn't know any spells.
Your spell library was empty.

Dungeon Overview and Level Annotations

Branches:
Dungeon (2/15)

Altars:

Annotations:
D:2 exclusions: upstairs and 3 more exclusions, Terence


Innate Abilities, Weirdness & Mutations

You do not eat or drink.
Your flesh is vulnerable to fire.
You are immune to poison.
Your flesh is cold resistant. (rC+)
You are immune to negative energy. (rN+++)
You are immune to unholy pain and torment.
You can survive without breathing.


Message History

You climb downwards.
Level annotation: exclusions: upstairs and 3 more exclusions, Terence
There is a stone staircase leading up here.
Spoiler Alert: The gnoll can hit for moderate damage in melee, and throws nets!
The gnoll misses you.
You hit the gnoll.
The gnoll is moderately wounded.
The gnoll hits you with a +0 spear!
You take 9 damage, and have 20/29 hp.
MASSIVE DAMAGE!!
You are too injured to fight recklessly!
Spoiler Alert: The gnoll can hit for moderate damage in melee, and throws nets!
You are too injured to fight recklessly!
You are too injured to fight recklessly!
You are too injured to fight recklessly!
You are too injured to fight recklessly!
You hit the gnoll.
The gnoll is moderately wounded.
The gnoll closely misses you.
Spoiler Alert: The gnoll can hit for moderate damage in melee, and throws nets!
You hit the gnoll.
The gnoll is moderately wounded.
The gnoll hits you with a +0 spear.
You take 4 damage, and have 16/29 hp.
You hit the gnoll.
The gnoll is severely wounded.
The gnoll completely misses you.
Spoiler Alert: The gnoll can hit for moderate damage in melee, and throws nets!
You hit the gnoll.
You kill the gnoll!
You start resting.
The gnoll is too close now for your liking.
Lua error: [string "/dgldir/rcfiles/crawl-git/Mgcat.rc"]:930: invalid capture index The gnoll shouts!
There is a stone staircase leading up here.
Spoiler Alert: The gnoll can hit for moderate damage in melee, and throws nets!
A gnoll is nearby!
You climb upwards.
There is a stone staircase leading down here.
You start resting.
HP restored.
Health restored: 29 You climb downwards.
Level annotation: exclusions: upstairs and 3 more exclusions, Terence The gnoll barely misses you.
The gnoll hits you with a +0 club.
There is a stone staircase leading up here.
You take 6 damage, and have 23/29 hp.
MASSIVE DAMAGE!!
Spoiler Alert: The gnoll can hit for moderate damage in melee, and throws nets!
You hit the gnoll.
The gnoll is lightly wounded.
The gnoll barely misses you.
You hit the gnoll.
The gnoll is moderately wounded.
The gnoll hits you with a +0 club.
You take 5 damage, and have 18/29 hp.
Spoiler Alert: The gnoll can hit for moderate damage in melee, and throws nets!
You are too injured to fight recklessly!
You are too injured to fight recklessly!
You are too injured to fight recklessly!
You are too injured to fight recklessly!
You closely miss the gnoll.
The gnoll is moderately wounded.
The gnoll hits you with a +0 club.
You take 4 damage, and have 14/29 hp.
Spoiler Alert: The gnoll can hit for moderate damage in melee, and throws nets!
You barely miss the gnoll.
The gnoll is moderately wounded.
Warning x2: The gnoll can hit for moderate damage in melee, and throws nets!
The gnoll (wandering) can hit for moderate damage in melee, and throws nets!
The gnoll shouts!
You hit the gnoll but do no damage.
The gnoll is moderately wounded.
The gnoll hits you but does no damage.
Warning x2: The gnoll can hit for moderate damage in melee, and throws nets! x2
The gnoll barely misses you.
You climb upwards.
There is a stone staircase leading down here.
You closely miss the gnoll.
The gnoll is moderately wounded.
The gnoll closely misses you.
Spoiler Alert: The gnoll can hit for moderate damage in melee, and throws nets!
You hit the gnoll.
The gnoll is heavily wounded.
The gnoll barely misses you.
You barely miss the gnoll.
The gnoll is heavily wounded.
The gnoll hits you with a +0 club.
You take 5 damage, and have 10/29 hp.
Spoiler Alert: The gnoll can hit for moderate damage in melee, and throws nets!
You hit the gnoll but do no damage.
The gnoll is heavily wounded.
The gnoll barely misses you.
You barely miss the gnoll.
The gnoll is heavily wounded.
You hit the gnoll.
The gnoll is severely wounded.
The gnoll closely misses you.
Spoiler Alert: The gnoll can hit for moderate damage in melee, and throws nets!
You barely miss the gnoll.
The gnoll is severely wounded.
The gnoll hits you with a +0 club!
You die...

.#........# #..#....# #.#
.w######### ##.###### #.#
#.##############.### #.#
#.........).%......# #.#
################.#.#########.#
#### #.#........##.# ...#
#.########.##.# ##.## #g#
#....# #..############@#
###..# ##.....)).....#.# ##.#
############...# ### #####


You could see a gnoll.

Vanquished Creatures
  A gnoll (D:2)
  A leopard gecko (D:1)
  A bat (D:2)
  2 giant cockroaches (D:1)
  4 goblins
  2 hobgoblins (D:1)
  4 jackals
  4 frilled lizards (D:1)
  6 kobolds (D:1)
  4 rats (D:1)
29 creatures vanquished.

Notes
Turn   | Place    | Note
-------+----------+-------------------------------------------
     0 | D:1      | Mgcat the Mummy Monk began the quest for the Orb.
     0 | D:1      | Reached XP level 1. HP: 18/18 MP: 1/1
   444 | D:1      | Reached XP level 2. HP: 20/24 MP: 2/2
   637 | D:1      | Reached skill level 2 in Stealth
  1333 | D:2      | Noticed Terence
  2012 | D:1      | HP: 2/24 [worm (11)]
  2376 | D:2      | Reached XP level 3. HP: 26/29 MP: 3/3
  3059 | D:1      | Slain by a gnoll

Levels and vault maps discovered:
D:1:      matt_arrival_spirals, layout_rooms, minmay_pentomino_z2
D:2:      layout_loops_ring, grunt_ministairs_3, uniq_terence

Skill      XL: |  1  2 |
---------------+-------+-----
Stealth        | 2 |  2.3
Fighting       | |  3.5
Dodging        | |  2.4
Unarmed Combat | |  2.9

Action                   || total
-------------------------++-------
Melee: Unarmed           ||   143
  Use: Scroll            ||     5
 Stab: Sleeping          ||     2
Armor: Robe              ||     3
Dodge: Dodged            ||   102

Table legend:
 A = Non-vault XP
 B = Vault XP
 C = Vault XP percentage of total XP
 D = Non-vault monster count
 E = Vault monster count
 F = Vault count percentage of total count
                 A         B        C        D         E       F
            +---------+---------+-------+---------+---------+-------
      Total |      59 |       0 |   0.0 |      29 |       0 |   0.0
            +---------+---------+-------+---------+---------+-------
        D:1 |      37 |       0 |   0.0 |      24 |       0 |   0.0
        D:2 |      22 |       0 |   0.0 |       5 |       0 |   0.0
            +---------+---------+-------+---------+---------+-------

Levels and vault maps discovered:
D:1:      matt_arrival_spirals, layout_rooms, minmay_pentomino_z2
D:2:      layout_loops_ring, grunt_ministairs_3, uniq_terence

Table legend:
 A = Turns spent in this place as a percentage of turns spent in the entire game.
 B = Non-inter-level travel turns spent in this place as a percentage of non-inter-level travel turns spent in the entire game.
 C = Inter-level travel turns spent in this place as a percentage of turns spent in this place.
 D = Turns resting spent in this place as a percentage of non-inter-level travel turns spent in this place.
 E = Turns spent auto-exploring this place as a percentage of non-inter-level travel turns spent in this place.
 F = Non-inter-level travel turns spent in this place divided by the number of levels of this place that you've seen.
                   A       B       C       D       E      F
               +-------+-------+-------+-------+-------+----------------------
         Total | 100.0 | 100.0 |   3.9 |  59.9 |  24.8 | 1470.5
       Dungeon | 100.0 | 100.0 |   3.9 |  59.9 |  24.8 | 1470.5
               +-------+-------+-------+-------+-------+----------------------

Table legend:
 A = Kills in this place as a percentage of kills in entire the game.
 B = Kills by you in this place as a percentage of kills by you in the entire game.
 C = Kills by friends in this place as a percentage of kills by friends in the entire game.
 D = Other kills in this place as a percentage of other kills in the entire game.
 E = Experience gained in this place as a percentage of experience gained in the entire game.
 F = Experience gained in this place divided by the number of levels of this place that you have seen.
                   A       B       C       D       E      F
               +-------+-------+-------+-------+-------+----------------------
         Total | 100.0 | 100.0 |   N/A |   N/A | 100.0 |  29.5
       Dungeon | 100.0 | 100.0 |   N/A |   N/A | 100.0 |  29.5
               +-------+-------+-------+-------+-------+----------------------
